 Dungeon Crawl Stone Soup version 0.29.0-4-gdea44cf6ec (webtiles) character file.

Game seed: 1342555816764954756

2974 qw the Cleaver (level 9, -3/56 HPs)
             Began as a Tengu Warper on Aug 28, 2022.
             Was a Priest of Okawaru.
             Killed from afar by Maggie (9 damage)
             ... with a bolt of fire
             ... on level 8 of the Dungeon.
             The game lasted 00:00:45 (8906 turns).

qw the Cleaver (Tengu Warper)                       Turns: 8906, Time: 00:00:46

Health: -3/56      AC: 21    Str: 15    XL:     9   Next: 82%
Magic:  11/13      EV:  8    Int: 15    God:    Okawaru [***...]
Gold:   222        SH:  0    Dex: 13    Spells: 12/12 levels left

rFire   + . .      SeeInvis .   Y - +0 war axe
rCold   . . .      Faith    .   (no shield)
rNeg    . . .      Spirit   .   l - +2 plate armour
rPois   +          Reflect  .   (helmet restricted)
rElec   .          Harm     .   (no cloak)
rCorr   .          Rampage  .   k - +2 pair of gloves
Will    .....                   (boots unavailable)
Stlth   ..........              (no amulet)
HPRegen 0.18/turn               i - ring of poison resistance
MPRegen 0.13/turn               (no ring)

@: about to teleport, heroic, flying quickly and evasively, quick
A: beak, talons 3, nimble flight, horns 1, fire resistance 1, shaggy fur 1
a: Renounce Religion, Heroism


You were on level 8 of the Dungeon.
You worshipped Okawaru.
Okawaru was most pleased with you.
You visited 2 branches of the dungeon, and saw 9 of its levels.

You collected 482 gold pieces.
You spent 260 gold pieces at shops.


Innate Abilities, Weirdness & Mutations

You have a beak for a mouth.
You have claws for feet.
Your magical nature lets you fly swiftly and evasively.
You have a pair of small horns on your head.
Your flesh is heat resistant. (rF+)
You are covered in fur. (AC +1)


   Skills:
 - Level 6.9(11.9) Fighting
 + Level 10.4(15.4) Axes
 - Level 1.0(6.0) Throwing
 - Level 5.5(10.5) Armour
 - Level 2.1(7.1) Dodging
 - Level 2.0 Spellcasting
 - Level 2.4 Translocations
 - Level 4.0 Invocations


You had 12 spell levels left.
You didn't know any spells.
Your spell library contained the following spells:

 Spells                   Type           Power      Damage    Failure   Level
 Blink                    Tloc           16%        N/A       99%         2
 Gell's Gravitas          Tloc           8%         N/A       100%        3
 Lesser Beckoning         Tloc           8%         N/A       100%        3
 Teleport Other           Tloc           8%         N/A       100%        3
 Manifold Assault         Tloc           8%         N/A       100%        5

Inventory:

Hand Weapons
 g - a +0 morningstar
 Y - a +0 war axe (weapon)
Missiles
 h - a boomerang (quivered)
Armour
 k - a +2 pair of gloves (worn)
 l - a +2 plate armour (worn)
Jewellery
 i - a ring of poison resistance (left hand)
 m - a ring of poison resistance
Scrolls
 b - 2 scrolls of teleportation
 d - 4 scrolls of identify
Potions
 f - a potion of curing
 j - 2 potions of resistance

Dungeon Overview and Level Annotations

Branches:
Dungeon (8/15)             Temple (1/1) D:4
   Lair: D:8-11

Altars:
Cheibriados
Dithmenos
Elyvilon
Hepliaklqana
Makhleb
Okawaru
Qazlal
Trog
Xom
Zin
The Shining One

Shops:
D:5 =

Portals:
Abyss: D:3

Annotations:
D:3 2 transporters, qw's ghost, amateur TeWr
D:5 3 runed translucent doors, qw's ghost, amateur TeWr
D:8 Joseph; Maggie


Message History

You feel sick.
You feel sick.
You feel like a meek peon again.
You feel sick.
Maggie points at you and mumbles some strange words.
The bolt of fire hits you. You resist.
8898 ||| INVOKING Heroism.
You gain the combat prowess of a mighty hero.
You feel sick.
You slash Maggie! Your kick misses Maggie. Your peck misses Maggie.
Maggie is lightly wounded.
You hit Maggie but do no damage. You claw Maggie. You headbutt Maggie.
Maggie is moderately wounded.
You feel sick. Maggie closely misses you.
You closely miss Maggie.
Maggie is moderately wounded.
You feel sick. Maggie hits you but does no damage.
Joseph, a Mercenary comes into view.
He is wielding a +2 spectral quarterstaff.
Joseph shouts!
You hit Maggie. You claw Maggie, but do no damage. You headbutt Maggie.
Maggie is moderately wounded.
You feel sick.
You are no longer poisoned.
Maggie hits you with a +1 vorpal long sword.
You slash Maggie! You claw Maggie, but do no damage. You peck Maggie.
Maggie is heavily wounded.
You hit Maggie. You claw Maggie! You headbutt Maggie.
Maggie is severely wounded.
Maggie mumbles some strange words.
Maggie attempts to bespell you!
You easily resist.
You hit Maggie but do no damage.
Maggie is severely wounded.
Maggie shouts, "Leave me alone!"
Maggie hits you with a +1 vorpal long sword!
8906 ||| READING 3 scrolls of teleportation.
As you read the scroll of teleportation, it crumbles to dust.
You feel strangely unstable.
Maggie points at you and mumbles some strange words.
The bolt of fire hits you! You resist.
You die...

.... ...# ...
$# ..# .. ..
#.#####.
#.....@# #
#.#.@#
##.#.#..#
#....%..#
#.#...<.#
#.....%.......
..##...#....)#.
##.##....... #.
##..#... ..
......


You could see Maggie.

Vanquished Creatures
  A two-headed ogre (D:7)
  Grinder (D:6)
  A hornet (D:8)
  Sigmund (D:5)
  Eustachio (D:5)
  A water moccasin (D:7)
  2 ice beasts
  A sky beast (D:6)
  3 ogres
  A phantom (D:5)
  A scorpion (D:5)
  2 necrophages
  A gnoll sergeant (D:6)
  3 howler monkeys
  2 jellies
  3 orc priests
  3 hounds
  Terence (D:2)
  6 orc wizards
  7 adders
  3 gnolls (D:6)
  3 white imps
  3 ufetubi
  2 worms
  5 dart slugs
  18 orcs
  5 bats
  10 endoplasms
  9 goblins
  7 hobgoblins
  5 quokkas
  7 ball pythons
  10 kobolds
  7 rats
136 creatures vanquished.

Notes
Turn   | Place    | Note
-------+----------+-------------------------------------------
     0 | D:1      | qw the Tengu Warper began the quest for the Orb.
     0 | D:1      | Reached XP level 1. HP: 12/12 MP: 4/4
     0 | D:1      | 0 ||| qw: Version: 0.1-a-89-g26bdef1
     0 | D:1      | 0 ||| qw: Game counter: 2597
     0 | D:1      | 0 ||| qw: Always use a shield: true
     0 | D:1      | 0 ||| qw: God list: Okawaru
     0 | D:1      | 0 ||| qw: Allow faded altars: false
     0 | D:1      | 0 ||| qw: Do Orc after D:15 true
     0 | D:1      | 0 ||| qw: Do second Lair branch before Depths: true
     0 | D:1      | 0 ||| qw: Lair rune preference: random
     0 | D:1      | 0 ||| qw: Plans: Normal
     0 | D:1      | 0 ||| PLANNING D:1-11
   195 | D:1      | Reached XP level 2. HP: 16/17 MP: 6/6
   225 | D:1      | Reached skill level 3 in Axes
   409 | D:1      | 409 ||| Stepping ~*~*~tactically~*~*~ (stealth).
   567 | D:1      | Found a faded altar of an unknown god.
   969 | D:1      | 969 ||| READING scroll labelled XYCIUJ ZYISCH.
   970 | D:1      | 970 ||| READING scroll labelled VASCHO UKONUPO.
   971 | D:1      | 971 ||| READING scroll labelled ADEZYJ KYOGUJ.
   972 | D:1      | 972 ||| DRINKING 2 golden potions.
   973 | D:1      | 973 ||| DROPPING scroll of blinking.
  1042 | D:2      | Reached XP level 3. HP: 11/21 MP: 7/7
  1274 | D:2      | Noticed Terence
  1280 | D:2      | HP: 3/21 [Terence/+0 trident (4)]
  1281 | D:2      | 1281 ||| DRINKING potion of heal wounds.
  1282 | D:2      | Killed Terence
  1283 | D:2      | Reached skill level 4 in Axes
  1446 | D:2      | Reached XP level 4. HP: 14/26 MP: 8/8
  1480 | D:2      | 1480 ||| Stepping ~*~*~tactically~*~*~ (stealth).
  1814 | D:2      | 1814 ||| Stepping ~*~*~tactically~*~*~ (stealth).
  1983 | D:2      | Reached skill level 5 in Axes
  2740 | D:2      | 2740 ||| UPGRADING to +0 chain mail.
  2750 | D:2      | 2750 ||| DROPPING +0 leather armour.
  2751 | D:2      | 2751 ||| UPGRADING to +2 pair of gloves.
  2756 | D:2      | 2756 ||| READING 3 scrolls labelled UMIMIR HIPSEA.
  2757 | D:2      | 2757 ||| READING scroll labelled FOLUPI DOANUO.
  2758 | D:2      | 2758 ||| READING scroll labelled WELLETAE QARIA.
  2759 | D:2      | 2759 ||| READING scroll labelled LYSO IJUIR ZAE.
  2762 | D:2      | 2762 ||| DRINKING 3 viscous grey potions.
  2777 | D:3      | 2777 ||| Stepping ~*~*~tactically~*~*~ (stealth).
  2780 | D:3      | 2780 ||| Stepping ~*~*~tactically~*~*~ (stealth).
  2793 | D:3      | Found a transporter.
  2796 | D:3      | Found the +8 demon trident "Rift" {distort, reach+}
  2874 | D:3      | Gained mutation: Your magical nature lets you fly swiftly
                  | and evasively. [Tengu growth]
  2874 | D:3      | Reached XP level 5. HP: 30/30 MP: 9/9
  2988 | D:3      | 2988 ||| DROPPING +0 club.
  2993 | D:3      | Found a one-way gate to the infinite horrors of the Abyss.
  2993 | D:3      | Noticed qw's ghost (amateur TeWr)
  3136 | D:3      | Found a transporter.
  3140 | D:3      | Noticed a small abomination
  3413 | D:3      | Noticed an ancient zyme
  3720 | D:3      | 3720 ||| UPGRADING to ring of poison resistance.
  3721 | D:3      | 3721 ||| READING scroll labelled QUZXYXT REID.
  3722 | D:3      | 3722 ||| READING 2 scrolls of identify.
  3722 | D:3      | 3722 ||| IDENTIFYING inky potion
  3723 | D:3      | 3723 ||| DROPPING potion of degeneration.
  3814 | D:4      | 3814 ||| Stepping ~*~*~tactically~*~*~ (stealth).
  3815 | D:4      | 3815 ||| Stepping ~*~*~tactically~*~*~ (stealth).
  4005 | D:4      | Found a staircase to the Ecumenical Temple.
  4006 | D:4      | 4006 ||| PLANNING TEMPLE
  4010 | Temple   | Entered the Ecumenical Temple
  4015 | Temple   | Became a worshipper of Warmaster Okawaru
  4053 | Temple   | 4053 ||| PLANNING D:1-11
  4063 | D:4      | 4063 ||| Stepping ~*~*~tactically~*~*~ (hiding).
  4065 | D:4      | 4065 ||| Stepping ~*~*~tactically~*~*~ (hiding).
  4345 | D:4      | Reached skill level 6 in Axes
  4441 | D:5      | Entered Level 5 of the Dungeon
  4460 | D:5      | Noticed Sigmund
  4461 | D:5      | 4461 ||| Stepping ~*~*~tactically~*~*~ (hiding).
  4475 | D:5      | Killed Sigmund
  4475 | D:5      | Reached * piety under Okawaru
  4476 | D:5      | Reached skill level 7 in Axes
  4476 | D:5      | Reached XP level 6. HP: 35/35 MP: 10/10
  4527 | D:5      | Reached skill level 1 in Invocations
  4533 | D:5      | 4533 ||| INVOKING Heroism.
  4535 | D:5      | Reached XP level 7. HP: 28/40 MP: 8/11
  4638 | D:5      | 4638 ||| INVOKING Heroism.
  4640 | D:5      | Reached skill level 3 in Fighting
  4763 | D:5      | 4763 ||| Stepping ~*~*~tactically~*~*~ (stealth).
  4764 | D:5      | 4764 ||| Stepping ~*~*~tactically~*~*~ (stealth).
  4767 | D:5      | 4767 ||| INVOKING Heroism.
  4781 | D:5      | 4781 ||| Stepping ~*~*~tactically~*~*~ (hiding).
  4786 | D:5      | 4786 ||| INVOKING Heroism.
  4789 | D:5      | HP: 10/41 [dart slug (3)]
  4790 | D:5      | 4790 ||| READING 2 scrolls of teleportation.
  5029 | D:5      | 5029 ||| INVOKING Heroism.
  5291 | D:5      | Noticed Eustachio
  5292 | D:5      | 5292 ||| INVOKING Heroism.
  5311 | D:5      | Killed Eustachio
  5312 | D:5      | Reached skill level 8 in Axes
  5312 | D:5      | Reached skill level 3 in Invocations
  5429 | D:5      | Found a runed translucent gate.
  5430 | D:5      | Found a runed translucent gate.
  5430 | D:5      | Found a runed translucent gate.
  5447 | D:5      | 5447 ||| INVOKING Heroism.
  5452 | D:5      | Reached XP level 8. HP: 37/46 MP: 9/12
  5513 | D:5      | Found Sadagovi's Jewellery Boutique.
  5522 | D:5      | 5522 ||| SHOPLISTING +4 ring of evasion (468 gold, have
                  | 351).
  5522 | D:5      | 5522 ||| SHOPLISTING +4 ring of slaying (1014 gold, have
                  | 351).
  5522 | D:5      | 5522 ||| BUYING ring of poison resistance (260 gold).
  5522 | D:5      | Bought a ring of poison resistance for 260 gold pieces
  5522 | D:5      | 5522 ||| SHOPLISTING ring of positive energy (260 gold,
                  | have 91).
  5522 | D:5      | 5522 ||| SHOPLISTING ring of resist corrosion (260 gold,
                  | have 91).
  5543 | D:5      | 5543 ||| INVOKING Heroism.
  5567 | D:5      | Noticed qw's ghost (amateur TeWr)
  5594 | D:5      | 5594 ||| Stepping ~*~*~tactically~*~*~ (hiding).
  5669 | D:5      | 5669 ||| DROPPING +0 whip.
  5970 | D:5      | 5970 ||| READING 4 scrolls of identify.
  5970 | D:5      | 5970 ||| IDENTIFYING brown potion
  5971 | D:5      | 5971 ||| READING 3 scrolls of identify.
  5971 | D:5      | 5971 ||| IDENTIFYING white potion
  5972 | D:5      | 5972 ||| READING 2 scrolls of identify.
  5972 | D:5      | 5972 ||| IDENTIFYING murky pink potion
  5973 | D:5      | 5973 ||| DROPPING potion of attraction.
  5974 | D:5      | 5974 ||| DROPPING potion of berserk rage.
  5989 | D:6      | 5989 ||| INVOKING Heroism.
  5995 | D:6      | 5995 ||| DRINKING 3 potions of curing.
  5995 | D:6      | 5995 ||| (to cure confusion)
  5998 | D:6      | 5998 ||| DRINKING 2 potions of curing.
  5998 | D:6      | 5998 ||| (to cure confusion)
  6003 | D:6      | Reached skill level 3 in Armour
  6020 | D:6      | 6020 ||| SWAPPING to +0 war axe.
  6021 | D:6      | 6021 ||| DROPPING +1 hand axe.
  6124 | D:6      | 6124 ||| INVOKING Heroism.
  6220 | D:6      | 6220 ||| Stepping ~*~*~tactically~*~*~ (hiding).
  6221 | D:6      | 6221 ||| Stepping ~*~*~tactically~*~*~ (hiding).
  6228 | D:6      | 6228 ||| INVOKING Heroism.
  6237 | D:6      | 6237 ||| FLEEEEING.
  6242 | D:6      | 6242 ||| FLEEEEING.
  6243 | D:6      | 6243 ||| FLEEEEING.
  6244 | D:6      | 6244 ||| FLEEEEING.
  6245 | D:6      | 6245 ||| FLEEEEING.
  6266 | D:6      | 6266 ||| FLEEEEING.
  6267 | D:6      | 6267 ||| FLEEEEING.
  6268 | D:6      | 6268 ||| FLEEEEING.
  6269 | D:6      | 6269 ||| FLEEEEING.
  6270 | D:6      | 6270 ||| FLEEEEING.
  6274 | D:6      | 6274 ||| FLEEEEING.
  6275 | D:6      | 6275 ||| FLEEEEING.
  6276 | D:6      | 6276 ||| FLEEEEING.
  6277 | D:6      | 6277 ||| FLEEEEING.
  6278 | D:6      | 6278 ||| FLEEEEING.
  6279 | D:6      | 6279 ||| FLEEEEING.
  6280 | D:6      | 6280 ||| FLEEEEING.
  6293 | D:6      | 6293 ||| FLEEEEING.
  6294 | D:6      | 6294 ||| FLEEEEING.
  6295 | D:6      | 6295 ||| FLEEEEING.
  6297 | D:6      | 6297 ||| FLEEEEING.
  6298 | D:6      | 6298 ||| FLEEEEING.
  6303 | D:6      | 6303 ||| FLEEEEING.
  6304 | D:6      | 6304 ||| FLEEEEING.
  6305 | D:6      | 6305 ||| FLEEEEING.
  6306 | D:6      | 6306 ||| FLEEEEING.
  6307 | D:6      | 6307 ||| FLEEEEING.
  6308 | D:6      | 6308 ||| FLEEEEING.
  6309 | D:6      | 6309 ||| FLEEEEING.
  6318 | D:6      | 6318 ||| Stepping ~*~*~tactically~*~*~ (hiding).
  6323 | D:6      | 6323 ||| INVOKING Heroism.
  6324 | D:6      | 6324 ||| DRINKING potion of curing.
  6324 | D:6      | 6324 ||| (to cure confusion)
  6399 | D:6      | 6399 ||| Stepping ~*~*~tactically~*~*~ (hiding).
  6402 | D:6      | 6402 ||| Stepping ~*~*~tactically~*~*~ (stealth).
  6405 | D:6      | 6405 ||| DRINKING 2 potions of curing.
  6405 | D:6      | 6405 ||| (to cure confusion)
  6406 | D:6      | 6406 ||| Stepping ~*~*~tactically~*~*~ (stealth).
  6408 | D:6      | 6408 ||| INVOKING Heroism.
  6418 | D:6      | Reached skill level 9 in Axes
  6437 | D:6      | Noticed Grinder
  6438 | D:6      | 6438 ||| FLEEEEING.
  6439 | D:6      | 6439 ||| FLEEEEING.
  6440 | D:6      | 6440 ||| FLEEEEING.
  6445 | D:6      | 6445 ||| FLEEEEING.
  6446 | D:6      | 6446 ||| FLEEEEING.
  6447 | D:6      | 6447 ||| FLEEEEING.
  6448 | D:6      | 6448 ||| FLEEEEING.
  6449 | D:6      | 6449 ||| FLEEEEING.
  6450 | D:6      | 6450 ||| FLEEEEING.
  6451 | D:6      | 6451 ||| FLEEEEING.
  6457 | D:6      | 6457 ||| STAIRDANCE
  6547 | D:5      | 6547 ||| DRINKING 2 glowing black potions.
  6547 | D:5      | Gained mutation: Your flesh is heat resistant. (rF+)
                  | [potion of mutation]
  6547 | D:5      | Gained mutation: You are frail. (-10% HP) [potion of
                  | mutation]
  6547 | D:5      | Gained mutation: You are partially covered in iridescent
                  | scales. (AC +2) [potion of mutation]
  6548 | D:5      | 6548 ||| DRINKING potion of mutation.
  6548 | D:5      | Lost mutation: You are frail. (-10% HP) [potion of
                  | mutation]
  6548 | D:5      | Lost mutation: You are partially covered in iridescent
                  | scales. (AC +2) [potion of mutation]
  6548 | D:5      | Gained mutation: You have a pair of small horns on your
                  | head. [potion of mutation]
  6548 | D:5      | Gained mutation: You are covered in fur. (AC +1) [potion of
                  | mutation]
  6590 | D:6      | 6590 ||| Stepping ~*~*~tactically~*~*~ (hiding).
  6592 | D:6      | 6592 ||| INVOKING Heroism.
  6595 | D:6      | 6595 ||| Stepping ~*~*~tactically~*~*~ (hiding).
  6601 | D:6      | 6601 ||| Stepping ~*~*~tactically~*~*~ (hiding).
  6609 | D:6      | Killed Grinder
  6698 | D:6      | 6698 ||| DROPPING +0 flail.
  6756 | D:6      | 6756 ||| Stepping ~*~*~tactically~*~*~ (stealth).
  6757 | D:6      | 6757 ||| INVOKING Heroism.
  6764 | D:6      | Reached ** piety under Okawaru
  6812 | D:6      | 6812 ||| Stepping ~*~*~tactically~*~*~ (hiding).
  7291 | D:6      | 7291 ||| READING scroll labelled QITSET LUNK.
  7433 | D:6      | 7433 ||| READING scroll labelled YGHOSE CIEF.
  7450 | D:7      | 7450 ||| STAIRDANCE
  7467 | D:6      | HP: 9/48 [something (5)]
  7469 | D:6      | Reached XP level 9. HP: 10/52 MP: 13/13
  7782 | D:7      | Reached skill level 10 in Axes
  7861 | D:7      | 7861 ||| INVOKING Heroism.
  7949 | D:7      | 7949 ||| FLEEEEING.
  8050 | D:7      | 8050 ||| Stepping ~*~*~tactically~*~*~ (stealth).
  8053 | D:7      | 8053 ||| Stepping ~*~*~tactically~*~*~ (hiding).
  8136 | D:7      | Noticed a two-headed ogre
  8137 | D:7      | 8137 ||| INVOKING Heroism.
  8145 | D:7      | HP: 9/53 [two-headed ogre/+0 giant club (16)]
  8146 | D:7      | 8146 ||| READING 4 scrolls of teleportation.
  8147 | D:7      | 8147 ||| DRINKING potion of heal wounds.
  8149 | D:7      | Killed a two-headed ogre
  8150 | D:7      | Reached skill level 6 in Fighting
  8323 | D:7      | 8323 ||| INVOKING Heroism.
  8528 | D:7      | Found a snail-covered altar of Cheibriados.
  8816 | D:7      | 8816 ||| UPGRADING to +0 plate armour.
  8826 | D:7      | 8826 ||| DROPPING +0 chain mail.
  8827 | D:7      | 8827 ||| READING 2 scrolls of enchant armour.
  8827 | D:7      | 8827 ||| ENCHANTING +0 plate armour.
  8828 | D:7      | 8828 ||| READING scroll of enchant armour.
  8828 | D:7      | 8828 ||| ENCHANTING +1 plate armour.
  8829 | D:7      | 8829 ||| DROPPING +6 ring of intelligence.
  8871 | D:8      | Noticed a hornet
  8872 | D:8      | 8872 ||| INVOKING Heroism.
  8873 | D:8      | 8873 ||| STAIRDANCE
  8893 | D:8      | Killed a hornet
  8893 | D:8      | Reached *** piety under Okawaru
  8894 | D:8      | Noticed Maggie
  8895 | D:8      | 8895 ||| Stepping ~*~*~tactically~*~*~ (hiding).
  8898 | D:8      | 8898 ||| INVOKING Heroism.
  8901 | D:8      | Noticed Joseph
  8905 | D:8      | HP: 9/56 [Maggie/+1 vorpal long sword (9)]
  8906 | D:8      | 8906 ||| READING 3 scrolls of teleportation.
  8906 | D:8      | Killed from afar by Maggie

Levels and vault maps discovered:
D:1:      shiori_arrival_whats_in_store_for_you, layout_basic,
          shapermc_ecumenical_altar_mp_ritualfount
D:2:      minmay_spotlight, layout_basic, uniq_terence
D:3:      layout_loops_corners, gammafunk_ghost_abyssal_escape,
          kennysheep_generic_room_5
D:4:      layout_loops_cross, minmay_temple_entry_arrows
D:5:      layout_basic, serial_shops, nicolae_stop_n_shop_2,
          gammafunk_ghost_icy, kennysheep_generic_room_6, uniq_sigmund,
          uniq_eustachio
D:6:      layout_loops_ring, uniq_grinder
D:7:      layout_loops_cross, slow_altar_2
D:8:      layout_layer_cave, uniq_maggie, uniq_joseph
Temple:   nicolae_temple_ecumenical_triangle

Skill      XL: |  1  2  3  4  5  6  7  8  9 |
---------------+----------------------------+-----
Axes           | 3 4 5 7 8 9 10 | 10.4
Armour         | 2 3 5 |  5.5
Invocations    | 1 3 4 |  4.0
Fighting       | 3 4 6 |  6.9
Throwing       | |  1.0
Dodging        | |  2.1
Spellcasting   | |  2.0
Translocations | |  2.4

Action                   |  1- 3 |  4- 6 |  7- 9 || total
-------------------------+-------+-------+-------++-------
Melee: Hand axe          |    50 |   121 |    76 ||   247
       Kick              |    11 |    30 |    58 ||    99
       Peck              |     5 |    32 |    38 ||    75
       Punch             |       |     1 |     7 ||     8
       War axe           |       |       |   127 ||   127
       Headbutt          |       |       |    17 ||    17
Throw: Boomerang         |     7 |    56 |    29 ||    92
Invok: Heroism           |       |     1 |    19 ||    20
  Use: Scroll            |     3 |     6 |    10 ||    19
       Potion            |     2 |     1 |     7 ||    10
Armor: Leather armour    |     5 |     2 |       ||     7
       Chain mail        |       |    47 |    85 ||   132
       Plate armour      |       |       |     5 ||     5
Dodge: Dodged            |    25 |    51 |    69 ||   145

Table legend:
 A = Non-vault XP
 B = Vault XP
 C = Vault XP percentage of total XP
 D = Non-vault monster count
 E = Vault monster count
 F = Vault count percentage of total count
                 A         B        C        D         E       F
            +---------+---------+-------+---------+---------+-------
      Total |    3270 |     979 |  23.0 |     122 |      14 |  10.3
            +---------+---------+-------+---------+---------+-------
        D:1 |      26 |       0 |   0.0 |      18 |       0 |   0.0
        D:2 |      85 |      41 |  32.5 |      19 |       4 |  17.4
        D:3 |      73 |       7 |   8.8 |      23 |       3 |  11.5
        D:4 |      35 |       0 |   0.0 |       8 |       0 |   0.0
        D:5 |     444 |     636 |  58.9 |      10 |       5 |  33.3
        D:6 |     764 |     290 |  27.5 |      27 |       1 |   3.6
        D:7 |    1457 |       5 |   0.3 |      14 |       1 |   6.7
        D:8 |     386 |       0 |   0.0 |       3 |       0 |   0.0
            +---------+---------+-------+---------+---------+-------
